 Dungeon Crawl Stone Soup version 0.27-a0-1442-g87b6fcb595 (webtiles) character file.

Game seed: 698946673306946413

3462 quinnr the Stormcaller (level 10, -9/50 HPs)
             Began as a Tengu Air Elementalist on July 4, 2021.
             Was a Follower of Vehumet.
             Shot with an arrow by a centaur warrior (22 damage)
             ... on level 8 of the Dungeon.
             The game lasted 00:24:39 (11760 turns).

quinnr the Stormcaller (Tengu Air Elementalist)    Turns: 11760, Time: 00:24:40

Health: -9/50      AC:  4    Str:  8    XL:     10   Next: 6%
Magic:  18/18      EV: 14    Int: 19    God:    Vehumet [*.....]
Gold:   482        SH:  0    Dex: 15    Spells: 8/18 levels left

rFire    . . .     SeeInvis .   G - staff of death
rCold    + + .     Faith    .   (no shield)
rNeg     + . .     Spirit   .   a - +1 robe
rPois    .         Reflect  .   (helmet restricted)
rElec    .         Harm     .   D - +0 cloak
rCorr    .         Rampage  .   (no gloves)
Will     .....                  (boots unavailable)
Stlth    ++........             (no amulet)
HPRegen  0.16/turn              g - ring of protection from cold
MPRegen  0.16/turn              A - ring of protection from cold

@: flying quickly and evasively, quick
A: beak, talons 3, nimble flight
a: Renounce Religion


You were on level 8 of the Dungeon.
You worshipped Vehumet.
Vehumet was aware of your devotion.
You visited 2 branches of the dungeon, and saw 10 of its levels.
You also visited: Sewer.

You collected 482 gold pieces.

Inventory:

Missiles
 p - 3 poisoned darts
Armour
 a - a +1 robe (worn)
 C - +0 steam dragon scales
 D - a +0 cloak (worn)
Magical Staves
 G - a staff of death (weapon)
Jewellery
 g - a ring of protection from cold (left hand)
 m - a ring of fire
 v - a ring of protection from cold
 A - a ring of protection from cold (right hand)
Wands
 k - a wand of digging (5)
 l - a wand of flame (40)
 q - a wand of polymorph (13)
 t - a wand of charming (8)
Scrolls
 b - 2 scrolls of fear {unknown}
 f - 2 scrolls of fog {unknown}
 h - a scroll of enchant armour
 o - 3 scrolls of teleportation
 r - 2 scrolls of vulnerability {unknown}
 s - a scroll of immolation {unknown}
 w - 3 scrolls of amnesia {unknown}
 y - 2 scrolls of identify
 B - a scroll of noise {unknown}
Potions
 c - 3 potions of flight
 d - 2 potions of mutation
 e - 3 potions of degeneration {unknown}
 i - a potion of berserk rage {unknown}
 j - a potion of attraction
 n - 3 potions of heal wounds
 u - 3 potions of curing {unknown}
 x - a potion of lignification {unknown}
 z - a potion of might {unknown}
 E - a potion of invisibility {unknown}
 F - a potion of haste {unknown}


   Skills:
 - Level 2.1 Dodging
 - Level 2.0 Stealth
 + Level 4.8 Spellcasting
 - Level 4.0 Conjurations
 * Level 15.9 Air Magic


You had 8 spell levels left.
You knew the following spells:

 Your Spells              Type           Power      Damage    Failure   Level
a - Shock                 Conj/Air       100%       1d9       1%          1
b - Airstrike             Air            30%        N/A       1%          4
c - Lightning Bolt        Conj/Air       21%        1d36      6%          5

Your spell library contained the following spells:

 Spells                   Type           Power      Damage    Failure   Level
 Foxfire                  Conj/Fire      48%        2x1d6     5%          1
 Static Discharge         Conj/Air       42%        N/A       1%          2
 Swiftness                Air            60%        N/A       1%          3
 Maxwell's Capacitive Co  Air            30%        ∞         75%         8
 Animate Dead             Necr           3%         N/A       77%         4
 Borgnjor's Vile Clutch   Necr/Erth      3%         N/A       98%         5
 Death Channel            Necr           3%         N/A       100%        6


Dungeon Overview and Level Annotations

Branches:
Dungeon (9/15)             Temple (1/1) D:6           Sewer (visited)
   Lair: D:8-11         Orc: D:9-12

Altars:
Ashenzari
Dithmenos
Elyvilon
Fedhas
Gozag
Hepliaklqana
Kikubaaqudgha
Makhleb
Okawaru
Qazlal
Ru
Sif Muna
Trog
Uskayaw
Vehumet
Wu Jian
Xom
Yredelemnul
The Shining One
Lugonu

Shops:
D:3 (

Annotations:
D:5 1 runed translucent door, backslashecho's ghost, weakling GnDe
D:8 Joseph


Innate Abilities, Weirdness & Mutations

You have a beak for a mouth.
You have claws for feet.
Your magical nature lets you fly swiftly and evasively.


Message History

Press: ? - help, Shift-Dir - straight line Digging in that direction won't affect any walls.
A stone wall.
Okay, then.
Unknown command.
Unknown command.
Joseph shoots a sling bullet.
The sling bullet hits you!
Joseph shoots a sling bullet.
The sling bullet hits you!
The orc wizard shouts!
A kobold demonologist comes into view. It is wielding a +0 dagger.
The centaur warrior shouts!
The orc shouts!
The kobold demonologist shouts!
The centaur warrior wields a +0 shortbow.
The centaur warrior shoots an arrow.
The arrow closely misses you.
The kobold demonologist gestures wildly while chanting.
Unknown command.
The centaur warrior shoots an arrow.
The arrow hits you!
* * * LOW HITPOINT WARNING * * *
The kobold demonologist casts a cantrip, but nothing happens.
Unknown command.
Unknown command.
Unknown command.
Casting: Airstrike (safe; 1% risk of failure)
Confirm with . or Enter, or press ? or * to list all spells.
You don't know that spell.
Unknown command.
Unknown command.
The centaur warrior shoots an arrow.
The arrow closely misses you.
You feel much better.
The centaur warrior shoots an arrow.
The arrow barely misses you.
The centaur warrior shoots an arrow.
The arrow hits you!!
* * * LOW HITPOINT WARNING * * *
Unknown command.
Casting: Airstrike (safe; 1% risk of failure)
Confirm with . or Enter, or press ? or * to list all spells.
Aiming: Airstrike (safe; 1% risk of failure)
Press: ? - help, Dir - move target, f - centaur warrior
Aim: a centaur warrior, wielding a +0 shortbow and quivering arrows
Okay, then.
The centaur warrior shoots an arrow.
The arrow hits you!!
You die...

.##}##..##@###.........
..
##...##Do##o##>##..#.##
#.
#...##.J##.oc#.......#
##.#
..#.#..##.c##........#
...
.##.o.##..##.#.#..##.#
..
#}..##..##.##.#.###.#
#. #)##.(##......_....#
##. ##.K##...####.#####
##.# ..##...## #@.#
##.## ##...# ##.# #.##
...# #.# ##.## . #.####
##.# #....# #######.
####.# #....... #.#
#.###### #.#####.#
#.......#


You could see a centaur warrior and an orc.

Vanquished Creatures
  2 yaks
  2 humans (D:7)
  2 steam dragons (D:6)
  4 water moccasins
  Purgy (Sewer)
  2 ice beasts
  2 ogres (D:6)
  A black bear (D:6)
  2 necrophages
  2 centaurs
  A kobold brigand (Sewer)
  2 scorpions
  2 water moccasin zombies
  A water moccasin skeleton (D:6)
  A killer bee (D:8)
  A wight (D:6)
  2 centaur zombies (D:7)
  2 jellies (D:5)
  Crazy Yiuf (D:6)
  2 bullfrog skeletons (D:5)
  An orc priest (D:3)
  2 hounds (D:5)
  2 killer bee zombies
  Robin (D:3)
  3 howler monkey skeletons (D:6)
  5 adders
  5 gnolls
  2 shadow imps
  2 white imps
  An ufetubus (D:6)
  3 adder skeletons (D:4)
  2 worms (D:2)
  A dart slug (D:1)
  10 orcs
  3 bats
  10 endoplasms
  4 giant cockroaches
  12 goblins
  12 hobgoblins
  17 jackals
  5 quokkas
  5 ball pythons
  5 frilled lizards
  6 kobolds
  7 rats
  A spectral orc (D:7)
162 creatures vanquished.

Vanquished Creatures (others)
  6 fungi (D:3)
  24 plants
  2 withered plants (D:5)
32 creatures vanquished.

Grand Total: 194 creatures vanquished

Notes
Turn   | Place    | Note
-------+----------+-------------------------------------------
     0 | D:1      | quinnr the Tengu Air Elementalist began the quest for the
                  | Orb.
     0 | D:1      | Reached XP level 1. HP: 10/10 MP: 4/4
   421 | D:1      | Reached XP level 2. HP: 15/15 MP: 4/6
   469 | D:1      | Reached skill level 5 in Air Magic
   897 | D:1      | Reached XP level 3. HP: 16/19 MP: 0/7
  1716 | D:2      | Reached skill level 6 in Air Magic
  2073 | D:2      | Reached XP level 4. HP: 22/24 MP: 1/8
  3065 | D:3      | Noticed Robin
  3066 | D:3      | Reached skill level 7 in Air Magic
  3099 | D:3      | Killed Robin
  3194 | D:3      | Gained mutation: Your magical nature lets you fly swiftly
                  | and evasively. [Tengu growth]
  3194 | D:3      | Reached XP level 5. HP: 28/28 MP: 3/9
  3480 | D:3      | Found Wofoimoh's Weapon Shoppe.
  4301 | D:3      | Found a faded altar of an unknown god.
  4423 | D:4      | Found a glowing drain.
  4516 | Sewer    | Entered a sewer
  4528 | Sewer    | Noticed Purgy
  4536 | Sewer    | Killed Purgy
  4537 | Sewer    | Reached skill level 8 in Air Magic
  4537 | Sewer    | Reached XP level 6. HP: 25/32 MP: 3/10
  5166 | D:4      | Reached skill level 9 in Air Magic
  5171 | D:4      | Learned a level 4 spell: Airstrike
  5524 | D:4      | Found a hazy altar of Hepliaklqana.
  5820 | D:5      | Entered Level 5 of the Dungeon
  5860 | D:5      | Found an ornate altar of the Wu Jian Council.
  6029 | D:5      | Reached XP level 7. HP: 36/36 MP: 3/12
  6491 | D:5      | Reached skill level 10 in Air Magic
  6777 | D:5      | Reached XP level 8. HP: 41/41 MP: 10/15
  6918 | D:5      | Found a runed translucent door.
  6934 | D:5      | Noticed backslashecho's ghost (weakling GnDe)
  6965 | D:5      | Found a burning altar of Makhleb.
  7121 | D:6      | Reached skill level 11 in Air Magic
  7506 | D:6      | Found a runed translucent door.
  7507 | D:6      | Noticed Crazy Yiuf
  7560 | D:6      | Reached skill level 12 in Air Magic
  7648 | D:6      | Found a staircase to the Ecumenical Temple.
  7715 | Temple   | Entered the Ecumenical Temple
  7759 | Temple   | Became a worshipper of Vehumet
  8306 | D:6      | Found a stormy altar of Qazlal.
  8306 | D:6      | Found an ancient bone altar of Kikubaaqudgha.
  8417 | D:6      | Reached skill level 13 in Air Magic
  8683 | D:6      | Noticed a manticore
  8764 | D:6      | Reached XP level 9. HP: 39/45 MP: 1/16
  9213 | D:6      | Reached skill level 14 in Air Magic
  9676 | D:6      | Killed Crazy Yiuf
  9959 | D:7      | Found a hide-covered altar of Uskayaw.
 10205 | D:7      | Reached skill level 15 in Air Magic
 10301 | D:7      | Learned a level 5 spell: Lightning Bolt
 10458 | D:7      | Found an iron altar of Okawaru.
 10712 | D:7      | Found a sacrificial altar of Ru.
 10765 | D:7      | Reached * piety under Vehumet
 10765 | D:7      | Offered knowledge of Foxfire by Vehumet.
 10917 | D:7      | Found a blossoming altar of Fedhas.
 10955 | D:7      | Found a basalt altar of Yredelemnul.
 11309 | D:8      | Found a bloodstained altar of Trog.
 11320 | D:8      | Noticed a centaur warrior
 11517 | D:9      | Reached XP level 10. HP: 50/50 MP: 1/18
 11734 | D:8      | Found a broken altar of Ashenzari.
 11734 | D:8      | Found a glowing golden altar of the Shining One.
 11734 | D:8      | Noticed Joseph
 11752 | D:8      | Noticed a kobold demonologist
 11760 | D:8      | Shot with an arrow by a centaur warrior

Illustrated notes

Levels and vault maps discovered:
D:1:      eino_arrival_tree_alley, layout_basic, minmay_small_reverse_x
D:2:      layout_basic
D:3:      layout_basic, serial_shops, shop,
          shapermc_ecumenical_altar_mp_urbaneastern, corexii_shack,
          minivault_27, uniq_robin
D:4:      layout_rooms, nicolae_overflow_hidden_temple, portal_sewer_entry_a
D:5:      layout_basic, nicolae_wu_jian_wuxing_cycle, lemuel_tele_altar,
          gammafunk_ghost_grave, serial_bayou, serial_bayou_lagoon_b,
          serial_bayou_pond_d, serial_bayou_lake_a, serial_bayou_ford_a,
          hangedman_decor_peaks_small
D:6:      minmay_clustersquares, layout_loops_corners,
          gammafunk_temple_overflow_statue, temple_pool_b,
          hangedman_decor_opposing, uniq_crazy_yiuf_cottage
D:7:      layout_basic, old_standard_altar, okawaru_humans,
          yredelemnul_forgotten_temple_becter, general_overflow_altar,
          overflow_temple_1_default
D:8:      layout_loops_cross, lemuel_crystal_altar, grunt_temple_overflow_open,
          erik_lair_dragon, serial_shops, nicolae_shop_behind_doors,
          minmay_diamond_spiral, uniq_joseph
D:9:      layout_basic, nemelex_diamond_rough_becter, nicolae_wand_duel
Temple:   corrupted_temple

Skill      XL: |  1  2  3  4  5  6  7  8  9 |
---------------+----------------------------+-----
Air Magic      | 5 6 7 8 9 10 13 15 | 15.9
Conjurations   | 2 4 |  4.0
Spellcasting   | 3 4 |  4.8
Dodging        | |  2.1
Stealth        | |  2.0

Action                   |  1- 3 |  4- 6 |  7- 9 | 10-12 || total
-------------------------+-------+-------+-------+-------++-------
Melee: Unarmed           |    24 |     5 |    42 |       ||    71
       Kick              |     6 |     3 |     7 |       ||    16
       Peck              |       |     1 |     4 |       ||     5
Throw: Dart              |       |       |     5 |       ||     5
 Cast: Shock             |    80 |   160 |    61 |       ||   301
       Airstrike         |       |     2 |    76 |     3 ||    81
Evoke: Wand              |       |       |     3 |       ||     3
  Use: Scroll            |       |     7 |       |       ||     7
       Potion            |       |       |       |     1 ||     1
Armor: Robe              |    14 |     6 |    27 |       ||    47
Dodge: Dodged            |    22 |    30 |    61 |     3 ||   116

Table legend: (Time is in decaauts)
 A = Elapsed time spent in this place.
 B = Non-inter-level travel time spent in this place.
 C = Inter-level travel time spent in this place.
 D = Time resting spent in this place.
 E = Time spent auto-exploring this place.
 F = Levels seen in this place.
 G = Mean time per level.
                   A        B        C        D        E       F      G
               +--------+--------+--------+--------+--------+-----+--------+
         Total |  11352 |  10922 |    430 |   1422 |   8417 |  11 | 1032.0 |
       Dungeon |  10809 |  10404 |    405 |   1165 |   8205 |   9 | 1201.0 |
        Temple |     52 |     28 |     24 |      0 |     27 |   1 |   52.0 |
         Sewer |    491 |    491 |      0 |    257 |    185 |   1 |  491.0 |
               +--------+--------+--------+--------+--------+-----+--------+

Top non-repeatable levels by time:
     D:6: 2511 daAuts
     D:1: 1667 daAuts
     D:3: 1493 daAuts
     D:7: 1311 daAuts
     D:5: 1308 daAuts
     D:2: 1188 daAuts
     D:4: 849 daAuts
   Sewer: 491 daAuts
     D:8: 456 daAuts
  Temple: 52 daAuts
     D:9: 22 daAuts
